Map: Cyber Forest LE

Players

Freeman - Winner!

  • Race: Zerg Zerg
  • League: Platinum
  • Spawn Location: 5:00

A.I. 1 (Very Easy)

  • Race: Terran Terran
  • Spawn Location: 11:00

VOD

Have the link to the VOD?

Description

Fast queen, speed and 5 banes to bust terran wall. Counts on no1 expecting this...

Time

  • Played on: Aug. 3, 2019, 5:15 p.m.
  • Length: 4:28
Show
View Real Time Build Order
Export as new Build Order

Freeman Zerg - Winner!

Build Orders: 1 Base Baneling Bust, Pool Only 

Get SALT Encoding   

  6  0:00  Drone  
  13  0:22  Spawning Pool  
  13  0:26  Drone  
  13  0:30  Extractor  
  13  0:32  Drone  
  13  0:41  Overlord  
  13  0:45  Drone  
  14  0:59  Drone  
  15  1:08  Queen  
  17  1:12  Zergling x2  
  17  1:15  Zergling x2  
  19  1:21  Zergling x2  
  20  1:31  Zergling x2  
  20  1:32  Metabolic Boost  
  21  1:42  Overlord  
  21  1:52  Baneling Nest  
  20  1:55  Zergling x2  
  21  2:06  Zergling x2  
  22  2:15  Zergling x2  
  23  2:20  Zergling x6  
  26  2:31  Zergling x2  
  27  2:41  Baneling x4  
  27  2:42  Baneling  
  27  2:44  Zergling x2  
  28  2:52  Overlord  
  28  2:56  Zergling x4  
  30  3:18  Zergling x2  
  30  3:19  Zergling x4  
  30  3:24  Baneling  
  30  3:32  Zergling x6  
  33  3:37  Baneling  
  33  3:39  Queen  
  35  3:45  Overlord  
  35  3:52  Zergling x2  
  35  4:03  Zergling x2  
Show
View Real Time Build Order
Export as new Build Order

A.I. 1 (Very Easy) Terran 

Build Orders:  

Get SALT Encoding   

  6  0:00  SCV  
  13  0:13  SCV  
  14  0:18  Supply Depot  
  14  0:50  Command Center  
  14  0:57  Refinery  
  14  1:12  Barracks  
  14  1:18  Refinery  
  14  1:29  Supply Depot  
  14  2:01  Factory  
  14  2:06  Orbital Command  
  14  2:14  SCV  
  15  2:27  SCV  
  16  2:42  SCV  
  17  2:46  Starport  
  17  2:54  SCV  
  18  3:06  Marine  
  18  3:10  SCV  
  15  3:20  SCV  
  15  3:23  Starport Tech Lab  
  15  3:26  SCV  
  7  3:32  SCV  
  3  3:38  SCV  
  3  3:50  SCV  
Tags
 
Add a new tag
Caveats
  • Supply blocks, unpowered buildings, or Contaminate may cause inaccurate times.
  • Supply counts are checked every 10 seconds.